 Dungeon Crawl Stone Soup version 0.31-a0-986-g5e6e4ef867 (webtiles) character file.

Game seed: 13208511251178072631

415 sammy202020 the Changeling (level 6, -1/33 HPs)
             Began as a Merfolk Shapeshifter on Nov 19, 2023.
             Slain by a hound (5 damage)
             ... on level 4 of the Dungeon.
             The game lasted 00:04:21 (2383 turns).

sammy202020 the Changeling (Merfolk Shapeshifter)   Turns: 2383, Time: 00:04:22

Health: -1/33      AC: 10    Str: 19    XL:     6   Next: 91%
Magic:  6/6        EV: 13    Int: 11    God:
Gold:   183        SH:  0    Dex: 14    Spells: 5/5 levels left

rFire   . .          .
                       - Unarmed
rCold   . . .        (shield currently unavailable)
rNeg    . . .        k - melded +0 chain mail
rPois   .            (helmet currently unavailable)
rElec   .            (cloak currently unavailable)
rCorr   .            (gloves currently unavailable)
SInv    .            (boots currently unavailable)
Will    .....        (no amulet)
Stlth   +            j - +4 ring of protection
HPRegen 0.25/turn    m - +5 ring of evasion
MPRegen 0.10/turn

%: no passive effects
@: snake-form, grasped by roots, constricted
A: constrict, reduced hp, large, (nimble swimmer 2), (mertail)
a: Begin Untransformation


You were on level 4 of the Dungeon.
You were an enormous anaconda.
You visited 1 branch of the dungeon, and saw 4 of its levels.

You collected 183 gold pieces.

Inventory:

Armour
 a - a +0 animal skin
 g - a +0 pair of gloves
 k - a +0 chain mail (melded)
Jewellery
 h - a ring of magical power
 j - a +4 ring of protection (left hand)
 m - a +5 ring of evasion (right hand)
Talismans
 c - a beast talisman
 d - a flux talisman
 f - a serpent talisman (active)
Scrolls
 i - a scroll of immolation
Potions
 b - a potion of lignification
 e - a potion of cancellation


   Skills:
 * Level 3.9 Fighting
 + Level 4.9 Dodging
 * Level 5.0 Unarmed Combat
 * Level 5.7 Shapeshifting


You had 5 spell levels left.
You didn't know any spells.
Your spell library contained the following spells:

 Spells                   Type           Power      Damage    Failure   Level
 Apportation              Tloc           0%         N/A       34%         1
 Necrotise                Necr           0%         1d4       34%         1
 Summon Small Mammal      Summ           0%         N/A       34%         1
 Blink                    Tloc           0%         N/A       47%         2
 Lesser Beckoning         Tloc           0%         N/A       47%         2
 Momentum Strike          Conj/Tloc      0%         3d8       47%         2
 Call Canine Familiar     Summ           0%         N/A       71%         3
 Summon Guardian Golem    Hex/Summ       0%         N/A       71%         3
 Tukima's Dance           Hex            0%         N/A       71%         3
 Dimensional Bullseye     Hex/Tloc       0%         N/A       98%         4
 Iskenderun's Mystic Bla  Conj/Tloc      0%         2d3       98%         4


Dungeon Overview and Level Annotations

Branches:
Dungeon (4/15)
 Temple: D:4-7

Altars:
Qazlal

Annotations:
D:4 Ijyb, Natasha


Innate Abilities, Weirdness & Mutations

You are an enormous anaconda.
You have a powerful constriction melee attack.
Your maximum health is decreased, since you lack skill for your form.
Your armour is entirely melded.
You are incapable of wielding weapons or throwing items.
((You are very nimble when in or above water. (Stealth+, EV+, Speed+++)))
((Your lower body shifts to a powerful aquatic tail in water.))


Message History

The cerulean imp hits you but does no damage.
You closely miss Ijyb.
The cerulean imp hits you but does no damage.
Ijyb hits you with a +4 dagger.
* * * LOW HITPOINT WARNING * * *
The grasping roots constrict you.
* * * LOW HITPOINT WARNING * * *
The hound misses you.
You escape the roots grasp.
Natasha claws you.
* * * LOW HITPOINT WARNING * * *
The cerulean imp hits you but does no damage.
The cerulean imp barely misses you. The hound barely misses you.
Natasha claws you.
* * * LOW HITPOINT WARNING * * *
The cerulean imp completely misses you. The cerulean imp closely misses you.
Ijyb screams, "Get away!"
The cerulean imp hits you with a +1 spear.
* * * LOW HITPOINT WARNING * * *
The hound bites you but does no damage.
You bump into the rock wall.
You feel less invigorated.
You feel less confused. Natasha barely misses you.
The cerulean imp barely misses you.
The cerulean imp hits you but does no damage.
The hound bites you.
* * * LOW HITPOINT WARNING * * *
The cerulean imp closely misses you. The cerulean imp closely misses you. x2
The cerulean imp hits you but does no damage.
The hound completely misses you.
The cerulean imp hits you but does no damage.
Ijyb zaps a wand.
The roots erupt in riotous growth!
The hound is unaffected.
Natasha is unaffected.
The grasping roots grab you!
The cerulean imp is unaffected.
The grasping roots constrict you.
* * * LOW HITPOINT WARNING * * *
Unknown command.
You lash the hound! Your grab misses the hound.
The hound is heavily wounded.
The hound bites you.
You die...

#.# ..## #... #..#
#..# # . #..#.## ##.#.
#.....# .....#.###S#
.####.
#.......##h##......
#.# #.#..h55.$.# #.#
#...#.5g#..# #.#
###...).†..### #.###
#..........?.
###.#.###......###.##
.####>.....##.#...## #
..[...........####....


You could see Ijyb, a hound, Natasha and 3 cerulean imps.

Vanquished Creatures
  A black bear (D:4)
  A phantom (D:4)
  A scorpion (D:4)
  3 gnolls (D:3)
  7 adders
  2 adder zombies (D:2)
  An adder skeleton (D:2)
  2 worms
  3 dart slugs
  4 orcs
  A bat skeleton (D:2)
  9 endoplasms
  2 giant cockroaches (D:2)
  2 goblins
  6 hobgoblins
  4 jackals (D:3)
  6 kobolds
  4 quokkas
  8 ball pythons
  A ball python skeleton (D:2)
  A ball python zombie (D:2)
  4 bats
  2 frilled lizards
  A giant cockroach zombie (D:2)
  8 rats
84 creatures vanquished.

Notes
Turn   | Place    | Note
-------+----------+-------------------------------------------
     0 | D:1      | sammy202020 the Merfolk Shapeshifter began the quest for
                  | the Orb.
     0 | D:1      | Reached XP level 1. HP: 15/15 MP: 1/1
    97 | D:1      | Reached XP level 2. HP: 5/21 MP: 2/2
   540 | D:1      | Reached XP level 3. HP: 27/27 MP: 3/3
  1184 | D:2      | Reached XP level 4. HP: 32/33 MP: 4/4
  1668 | D:3      | Reached XP level 5. HP: 32/39 MP: 5/5
  1774 | D:3      | Reached skill level 5 in Shapeshifting
  2310 | D:4      | Found a stormy altar of Qazlal.
  2320 | D:4      | Reached XP level 6. HP: 30/47 MP: 6/6
  2364 | D:4      | Noticed Ijyb
  2365 | D:4      | Noticed a black bear
  2369 | D:4      | Noticed Natasha
  2373 | D:4      | Killed a black bear
  2374 | D:4      | Reached skill level 5 in Unarmed Combat
  2383 | D:4      | Slain by a hound

Illustrated notes

Levels and vault maps discovered:
D:1:      tarquinn_simple_flora_water_d, layout_basic, serial_curves,
          eino_curves_04, eino_curves_01
D:2:      layout_rooms, serial_undead, serial_undead_e, serial_undead_b,
          serial_undead_f, serial_undead_d, serial_undead_e, serial_undead_f,
          serial_undead_f
D:3:      layout_basic
D:4:      corexii_shack_village, layout_loops_ring,
          nicolae_qazlal_scattered_showers, uniq_sigmund, uniq_ijyb,
          uniq_natasha

Skill      XL: |  1  2  3  4  5  6 |
---------------+-------------------+-----
Dodging        | 3 4 |  4.9
Fighting       | 2 3 |  3.9
Unarmed Combat | 4 5 |  5.0
Shapeshifting  | 5 |  5.7

Action                     |  1- 3 |  4- 6 || total
---------------------------+-------+-------++-------
  Melee: Unarmed           |    70 |   171 ||   241
         Punch             |     4 |       ||     4
         Constrict         |       |     8 ||     8
    Use: Scroll            |       |    10 ||    10
         Potion            |       |     3 ||     3
 Armour: Animal skin       |    13 |       ||    13
         Chain mail        |    46 |   111 ||   157
         Skin              |       |    41 ||    41
  Dodge: Dodged            |    39 |    75 ||   114
   Form: Anaconda          |       |     1 ||     1

Table legend: (Time is in decaauts)
 A = Elapsed time spent in this place.
 B = Non-inter-level travel time spent in this place.
 C = Inter-level travel time spent in this place.
 D = Time resting spent in this place.
 E = Time spent auto-exploring this place.
 F = Levels seen in this place.
 G = Mean time per level.
                   A        B        C        D        E       F      G
               +--------+--------+--------+--------+--------+-----+--------+
         Total |   2357 |   2313 |     44 |      0 |   1734 |   4 |  589.2 |
       Dungeon |   2357 |   2313 |     44 |      0 |   1734 |   4 |  589.2 |
               +--------+--------+--------+--------+--------+-----+--------+

Top non-repeatable levels by time:
     D:1: 1090 daAuts
     D:3: 539 daAuts
     D:2: 504 daAuts
     D:4: 223 daAuts
